 Dungeon Crawl Stone Soup version 0.29.0-15-g675c0067aa (webtiles) character file.

Game seed: 2828734417373964143

83 RascalDebosk the Trooper (level 4, 0/40 HPs)
             Began as a Minotaur Berserker on Sept 11, 2022.
             Was a Believer of Trog.
             Killed from afar by an electric eel (7 damage)
             ... with a bolt of electricity
             ... on level 3 of the Dungeon.
             The game lasted 00:08:08 (1615 turns).

RascalDebosk the Trooper (Minotaur Berserker)       Turns: 1615, Time: 00:08:09

Health: 0/40       AC:  9    Str: 22    XL:     4   Next: 22%
Magic:  3/3        EV:  8    Int:  6    God:    Trog [**....]
Gold:   69         SH:  0    Dex:  9    Spells: 3/3 levels left

rFire   . . .      SeeInvis .   a - +0 hand axe
rCold   . . .      Faith    .   (no shield)
rNeg    . . .      Spirit   .   h - +0 chain mail
rPois   .          Reflect  .   (helmet restricted)
rElec   .          Harm     .   (no cloak)
rCorr   .          Rampage  .   (no gloves)
Will    .....                   (no boots)
Stlth   ..........              (no amulet)
HPRegen 0.13/turn               (no ring)
MPRegen 0.08/turn               (no ring)

@: no status effects
A: horns 2, retaliatory headbutt
a: Renounce Religion, Berserk, Trog's Hand


You were on level 3 of the Dungeon.
You worshipped Trog.
Trog was pleased with you.
You visited 1 branch of the dungeon, and saw 3 of its levels.

You collected 69 gold pieces.

Inventory:

Hand Weapons
 a - a +0 hand axe (weapon)
 g - a +0 morningstar
Missiles
 l - 6 javelins (quivered)
 m - 2 silver javelins
Armour
 h - a +0 chain mail (worn)
Wands
 n - a wand of flame (9)
Scrolls
 d - a scroll of enchant armour {unknown}
 e - a scroll of magic mapping {unknown}
 i - a scroll of noise {unknown}
 j - 4 scrolls of identify {unknown}
 k - a scroll of vulnerability {unknown}
Potions
 b - a potion of curing {unknown}
 c - a potion of heal wounds {unknown}
 f - 2 potions of might {unknown}


   Skills:
 + Level 4.2 Fighting
 + Level 4.2 Axes
 + Level 1.5 Throwing
 + Level 3.2 Armour
 - Level 2.1 Dodging
 + Level 1.3 Evocations


You had 3 spell levels left.
You didn't know any spells.
Your spell library was empty.

Dungeon Overview and Level Annotations

Branches:
Dungeon (3/15)

Altars:

Annotations:
D:3 1 transporter


Innate Abilities, Weirdness & Mutations

You have a pair of horns on your head.
You reflexively headbutt those who attack you in melee.


Message History

The jackal is heavily wounded.
The jackal bites you but does no damage.
The jackal bites you.
You barely miss the jackal.
The jackal is heavily wounded.
The jackal closely misses you.
You barely miss the jackal.
The jackal is heavily wounded.
The jackal bites you but does no damage. x2
You barely miss the jackal.
The jackal is heavily wounded.
The jackal bites you but does no damage.
You slash the jackal!
You kill the jackal!
Trog accepts your kill.
You can now call upon Trog for regeneration and willpower.
There is a transporter landing site here.
A frilled lizard comes into view.
The frilled lizard hisses angrily.
The frilled lizard bites you but does no damage.
You closely miss the frilled lizard.
The frilled lizard completely misses you.
You slash the frilled lizard!
You kill the frilled lizard!
Trog accepts your kill.
There is a transporter here.
You enter the transporter and appear at another place.
n - a wand of flame (9)
You now have 69 gold pieces (gained 13).
You open the door.
The electric eel shoots out a bolt of lightning at you!
The bolt of electricity hits you!
The bolt of electricity hits the plant!
The plant begins to die.
The bolt of electricity hits the plant!
The electric eel shoots out a bolt of lightning at you!
The bolt of electricity hits you! The bolt of electricity hits you.
The electric eel shoots out a bolt of lightning at you!
The bolt of electricity hits you.
* * * LOW HITPOINT WARNING * * *
The bolt of electricity hits you!
You die...

#..........#....#.#.#.#.#... #
#........###..........#.#.##
...##..#..............###.#.#
............................#
#.####.......©....#.#.###...##
###.####..#.#######.#.#.........
##.........#.#8.©.8#.#.......###.
...#.####....#P...P#.........####
....<####.#..###@###..##.........
.............#S...S#..#....#####.
..#....##.##.#S..(~#..÷..........
..#.##.##.##.#~...~#...)..######.
..#....##.##.#~.♣.~#.............
...##.....##.#~...~#.#....#######
...##...l.##.#~?..~#.#....#.....#
...##.....##.#~...~#.#....#.###.#
...##.....##.###+###.#....#.###.#


You could see 3 electric eels.

Vanquished Creatures
  Terence (D:2)
  2 adders (D:2)
  3 worms
  3 dart slugs
  A bat (D:3)
  3 endoplasms
  A giant cockroach (D:2)
  A goblin (D:2)
  6 jackals
  2 quokkas
  2 frilled lizards (D:3)
  A kobold (D:3)
  3 rats
29 creatures vanquished.

Notes
Turn   | Place    | Note
-------+----------+-------------------------------------------
     0 | D:1      | RascalDebosk the Minotaur Berserker began the quest for the
                  | Orb.
     0 | D:1      | Reached XP level 1. HP: 19/19 MP: 0/0
   100 | D:1      | You fall into a shaft and drop 1 floor!
   141 | D:2      | Reached XP level 2. HP: 7/27 MP: 1/1
   572 | D:2      | Reached skill level 1 in Throwing
   775 | D:2      | Reached XP level 3. HP: 26/33 MP: 2/2
  1003 | D:2      | Reached skill level 1 in Evocations
  1100 | D:2      | Noticed Terence
  1105 | D:2      | Killed Terence
  1208 | D:3      | Found a transporter.
  1255 | D:3      | Reached XP level 4. HP: 40/40 MP: 3/3
  1399 | D:3      | Found a transporter.
  1442 | D:3      | Identified the +3 short sword "Voec Foi" {antimagic, rF+
                  | rC++}
  1507 | D:3      | Reached ** piety under Trog
  1615 | D:3      | Killed from afar by an electric eel

Illustrated notes

Levels and vault maps discovered:
D:1:      evilmike_arrival_crescent, layout_loops_ring, serial_park_tiny_pond,
          st_stairs_5
D:2:      layout_loops_corners, uniq_terence
D:3:      gammafunk_steamed_eel, layout_basic

Skill      XL: |  1  2  3 |
---------------+----------+-----
Throwing       | 1 |  1.5
Fighting       | 4 |  4.2
Axes           | 4 |  4.2
Evocations     | 1 |  1.3
Armour         | 3 |  3.2
Dodging        | |  2.1

Action                   |  1- 3 |  4- 6 || total
-------------------------+-------+-------++-------
Melee: Hand axe          |    62 |    16 ||    78
       Headbutt          |    10 |     2 ||    12
Armor: Animal skin       |     2 |       ||     2
       Chain mail        |    26 |     9 ||    35
Dodge: Dodged            |    34 |     7 ||    41
